[Event "Titled Tuesday Blitz June 13 Early 2023"]
[White "Fabris, Alberto"]
[Black "Rios Escobar, Adan"]
[WhiteFideId "801348"]
[BlackFideId "3403645"]
[WhiteElo "2181"]
[BlackElo "2458"]
[Result "0-1"]
[Round "4"]
[TimeControl "180+2"]
[Date "2023.06.13"]
[WhiteClock "0:00:00"]
[BlackClock "0:00:05"]
[Board "177"]

1. e4 c5 2. Nf3 d6 3. Bb5+ Nd7 4. d4 cxd4 5. Qxd4 a6 6. Ba4 e5 7. Qe3 Nf6 8. Nc3 Be7 9. O-O O-O 10. Bb3 Nc5 11. Rd1 Nxb3 12. axb3 Qc7 13. Qe2 h6 14. h3 Rd8 15. Be3 Be6 16. Rac1 b5 17. Nd5 Nxd5 18. exd5 Bf5 19. c4 Qb7 20. Qd2 Rac8 21. Nh2 Bg6 22. Nf1 f5 23. f4 Bh5 24. Re1 Kh7 25. Ng3 Bg6 26. Ne2 Bf6 27. Kh1 Rb8 28. Rc2 Rdc8 29. Rec1 Bd8 30. Qe1 Bb6 31. Qf2 Bxe3 32. Qxe3 bxc4 33. bxc4 Re8 34. Qa3 Qb4 35. Qxa6 Rb6 36. Qa7 Rb7 37. Qf2 Rc8 38. Ng3 e4 39. Nf1 Rbc7 40. Ne3 Rb8 41. Qd2 Qc5 42. Qc3 Rcb7 43. Rb1 Rb3 44. Qd2 Qxe3 45. Qxe3 Rxe3 46. b4 Be8 47. Rcb2 Rc3 48. c5 dxc5 49. bxc5 Rxb2 50. Rxb2 Rxc5 51. Rb8 Bf7 52. d6 Rd5 53. Rb6 Be6 54. Kg1 Bd7 55. Kf2 Kg6 0-1


[Site "https://www.chess.com"]

[Event "Titled Tuesday Blitz June 13 Early 2023"]
[White "Osuna Vega, Enrique"]
[Black "Matyukov, Petr"]
[WhiteFideId "2219549"]
[BlackFideId "4103688"]
[WhiteElo "2173"]
[BlackElo "2278"]
[Result "1-0"]
[Round "4"]
[TimeControl "180+2"]
[Date "2023.06.13"]
[WhiteClock "0:00:04"]
[BlackClock "0:00:14"]
[Board "178"]

1. e4 c5 2. Nf3 Nc6 3. d4 cxd4 4. Nxd4 Nf6 5. Nc3 e5 6. Ndb5 d6 7. Nd5 Nxd5 8. exd5 Nb8 9. c4 Be7 10. Be2 Nd7 11. O-O O-O 12. Be3 a6 13. Nc3 f5 14. f4 e4 15. b4 Rf6 16. Qb3 Rh6 17. c5 dxc5 18. d6+ Kh8 19. dxe7 Qxe7 20. Rf2 cxb4 21. Nd5 Qd6 22. Rc1 a5 23. Bb5 b6 24. Bxd7 Bxd7 25. Nxb6 Be6 26. Nxa8 Bxb3 27. axb3 g6 28. Rd2 Qb8 29. Nb6 Kg8 30. Nd7 Qd8 31. Ne5 Qh4 32. g3 Qh3 33. Rc8+ Kg7 34. Rd7+ Kf6 35. Rc6# 1-0


[Site "https://www.chess.com"]

[Event "Titled Tuesday Blitz June 13 Early 2023"]
[White "Sztokbant, Bernardo Vainzoff"]
[Black "Sailer, Mike"]
[WhiteFideId "2115956"]
[BlackFideId "2012901"]
[WhiteElo "2222"]
[BlackElo "2109"]
[Result "1-0"]
[Round "4"]
[TimeControl "180+2"]
[Date "2023.06.13"]
[WhiteClock "0:02:24"]
[BlackClock "0:00:22"]
[Board "179"]

1. e4 d5 2. exd5 Qxd5 3. Nc3 Qd6 4. d4 Nf6 5. Nf3 c6 6. h3 Bf5 7. Bd3 Bxd3 8. Qxd3 e6 9. O-O Nbd7 10. Re1 Qc7 11. Ne5 Nxe5 12. dxe5 Nd7 13. Bf4 Bc5 14. Ne4 Be7 15. Qg3 g6 16. a4 O-O-O 17. a5 h6 18. Nd6+ Bxd6 19. exd6 Qb8 20. Qf3 g5 21. Bh2 Rhf8 22. a6 Nb6 23. d7+ 1-0


[Site "https://www.chess.com"]

[Event "Titled Tuesday Blitz June 13 Early 2023"]
[White "Blackwhite017"]
[Black "UNSTOPPABLE_LEGEND"]
[WhiteElo "2126"]
[BlackElo "2456"]
[Result "0-1"]
[Round "4"]
[TimeControl "180+2"]
[Date "2023.06.13"]
[WhiteClock "0:01:14"]
[BlackClock "0:02:19"]
[Board "180"]

1. e4 c6 2. Nf3 d5 3. exd5 cxd5 4. Ne5 Nc6 5. d4 e6 6. c3 Bd6 7. f4 Nge7 8. Bd3 Qc7 9. Nd2 f6 10. Qh5+ g6 11. Bxg6+ Nxg6 12. Nxg6 Qf7 13. f5 Rg8 14. O-O hxg6 15. fxg6 Qxg6 16. Qxg6+ Rxg6 0-1


[Site "https://www.chess.com"]

[Event "Titled Tuesday Blitz June 13 Early 2023"]
[White "Lisjak, Zlatko"]
[Black "Palczert, Matyas"]
[WhiteFideId "14502186"]
[BlackFideId "784958"]
[WhiteElo "1998"]
[BlackElo "2224"]
[Result "0-1"]
[Round "4"]
[TimeControl "180+2"]
[Date "2023.06.13"]
[WhiteClock "0:00:42"]
[BlackClock "0:01:18"]
[Board "181"]

1. d4 Nf6 2. Nc3 d5 3. Bf4 e6 4. e3 Bb4 5. f3 O-O 6. Ne2 c5 7. a3 Bxc3+ 8. Nxc3 Nc6 9. g4 cxd4 10. exd4 Qb6 11. Bd6 Qxb2 12. Na4 Qxd4 13. Bxf8 Qe5+ 14. Kf2 Kxf8 15. Bd3 Qf4 16. Nc3 Nxg4+ 17. Kf1 Ne3+ 18. Kf2 Nxd1+ 19. Raxd1 Qd4+ 0-1


[Site "https://www.chess.com"]

[Event "Titled Tuesday Blitz June 13 Early 2023"]
[White "Levitan, Ronit"]
[Black "Dudzinski, Pawel"]
[WhiteFideId "2815109"]
[BlackFideId "1117890"]
[WhiteElo "1930"]
[BlackElo "2099"]
[Result "0-1"]
[Round "4"]
[TimeControl "180+2"]
[Date "2023.06.13"]
[WhiteClock "0:00:07"]
[BlackClock "0:01:38"]
[Board "182"]

1. e4 c6 2. d4 d5 3. exd5 cxd5 4. c4 Nf6 5. Nc3 e6 6. Nf3 Be7 7. cxd5 Nxd5 8. Bd3 Nc6 9. O-O O-O 10. a3 b6 11. Re1 Bb7 12. Bc2 Rc8 13. Qd3 g6 14. Bh6 Re8 15. Nxd5 Qxd5 16. Bb3 Qh5 17. Qe3 Na5 18. Bxe6 Bf8 19. Bxf7+ Kxf7 20. Qf4+ Qf5 21. Ng5+ Kg8 22. Rxe8 Rxe8 23. Qc7 Re7 24. Qd8 Nc6 25. Qxf8+ Qxf8 26. Bxf8 Kxf8 0-1


[Site "https://www.chess.com"]

[Event "Titled Tuesday Blitz June 13 Early 2023"]
[White "Vega Gutierrez, Sabrina"]
[Black "Graham, Nathaniel"]
[WhiteFideId "2219026"]
[BlackFideId "2007983"]
[WhiteElo "2209"]
[BlackElo "2080"]
[Result "1-0"]
[Round "4"]
[TimeControl "180+2"]
[Date "2023.06.13"]
[WhiteClock "0:01:36"]
[BlackClock "0:00:00"]
[Board "183"]

1. e4 c5 2. Nf3 Nc6 3. d4 cxd4 4. Nxd4 Nf6 5. Nc3 e5 6. Ndb5 h6 7. Nd6+ Bxd6 8. Qxd6 Qe7 9. Qd1 O-O 10. Bc4 d6 11. O-O Be6 12. Nd5 Bxd5 13. exd5 Nb8 14. a4 Nbd7 15. a5 Rac8 16. Be2 Ne4 17. c4 f5 18. f3 Nef6 19. Be3 1-0


[Site "https://www.chess.com"]

[Event "Titled Tuesday Blitz June 13 Early 2023"]
[White "Saim, Mohamed Ilias"]
[Black "Lopez, Nelson M, Ii"]
[WhiteFideId "7900465"]
[BlackFideId "2027895"]
[WhiteElo "2063"]
[BlackElo "2447"]
[Result "0-1"]
[Round "4"]
[TimeControl "180+2"]
[Date "2023.06.13"]
[WhiteClock "0:01:03"]
[BlackClock "0:00:13"]
[Board "184"]

1. d4 d5 2. Nf3 Bf5 3. c4 e6 4. Nc3 Nc6 5. a3 Nf6 6. e3 Be7 7. cxd5 exd5 8. Be2 O-O 9. O-O Re8 10. b4 Ne4 11. Qb3 Nxc3 12. Qxc3 Bf6 13. Bb2 Qd6 14. Rac1 Rac8 15. b5 Ne7 16. a4 Ng6 17. Ba3 Qe6 18. Qa5 Bg4 19. h3 Bxh3 20. gxh3 Qxh3 21. Rxc7 Re4 22. Rxc8+ Qxc8 23. Nh2 Nh4 24. Qb4 Be7 25. Qb2 Qh3 26. Bf3 Nxf3+ 27. Nxf3 Rg4# 0-1


[Site "https://www.chess.com"]

[Event "Titled Tuesday Blitz June 13 Early 2023"]
[White "Mrudul Dehankar"]
[Black "Kriti Mayur Patel"]
[WhiteFideId "25096990"]
[BlackFideId "35061780"]
[WhiteElo "2139"]
[BlackElo "1306"]
[Result "1-0"]
[Round "4"]
[TimeControl "180+2"]
[Date "2023.06.13"]
[WhiteClock "0:00:09"]
[BlackClock "0:00:09"]
[Board "185"]

1. e4 e5 2. Nf3 Nc6 3. Bb5 a6 4. Ba4 Nf6 5. O-O b5 6. Bb3 Bc5 7. c3 d6 8. a4 Rb8 9. d4 Bb6 10. Na3 Bg4 11. axb5 axb5 12. Nxb5 exd4 13. Nbxd4 Bxd4 14. cxd4 O-O 15. Ba4 Ne7 16. h3 Bh5 17. Re1 Rb4 18. Bg5 Bxf3 19. Qxf3 Rxd4 20. Bxf6 gxf6 21. Qxf6 Rd2 22. Qg5+ Ng6 23. Qxd2 Qh4 24. Bb3 Ne5 25. Re3 Kh8 26. Rg3 Qf6 27. Rf1 Re8 28. Qc3 Rf8 29. f4 Nd7 30. e5 dxe5 31. fxe5 Qb6+ 32. Kh1 f6 33. e6 Ne5 34. Re3 Ng6 35. e7 Re8 36. Rxf6 Qb7 37. Rf8# 1-0


[Site "https://www.chess.com"]

[Event "Titled Tuesday Blitz June 13 Early 2023"]
[White "Szyszylo, Rafal"]
[Black "Semenova, Alina"]
[WhiteFideId "1109626"]
[BlackFideId "24113875"]
[WhiteElo "1951"]
[BlackElo "1833"]
[Result "1-0"]
[Round "4"]
[TimeControl "180+2"]
[Date "2023.06.13"]
[WhiteClock "0:00:50"]
[BlackClock "0:00:00"]
[Board "186"]

1. e4 e6 2. d4 d5 3. e5 c5 4. c3 Nc6 5. Nf3 Qb6 6. Bd3 Nge7 7. dxc5 Qxc5 8. O-O g6 9. h4 Bg7 10. Re1 h5 11. Nbd2 Bd7 12. Nb3 Qb6 13. Bg5 a6 14. Be3 Qc7 15. Bd4 Nf5 16. Bxf5 Nxd4 17. cxd4 exf5 18. Rc1 Bc6 19. e6 O-O 20. exf7+ Rxf7 21. Ng5 Re7 22. Qf3 Rae8 23. Rxe7 Qxe7 24. Nc5 Qe2 25. Nce6 Qxf3 26. gxf3 Bf6 27. Nf4 Kg7 28. Rd1 Rc8 29. Rd2 Re8 30. Kf1 Bb5+ 31. Kg2 Bc6 32. Kg3 Re1 33. Kg2 Ra1 34. b3 Rc1 35. Nd3 Rc3 36. Ne5 a5 37. f4 a4 38. bxa4 Bxa4 39. Rb2 1-0


[Site "https://www.chess.com"]

[Event "Titled Tuesday Blitz June 13 Early 2023"]
[White "FunnyDuck66"]
[Black "Skiadopoulos, Nikolaos"]
[BlackFideId "4200772"]
[WhiteElo "2433"]
[BlackElo "2022"]
[Result "1-0"]
[Round "4"]
[TimeControl "180+2"]
[Date "2023.06.13"]
[WhiteClock "0:01:44"]
[BlackClock "0:01:21"]
[Board "187"]

1. d4 Nf6 2. Nf3 g6 3. Bg5 Bg7 4. Nbd2 d5 5. e3 Nbd7 6. Be2 O-O 7. O-O b6 8. c3 c5 9. b4 a5 10. bxc5 bxc5 11. a4 c4 12. Qc2 h6 13. Bf4 Nh5 14. Ne5 Nxf4 15. exf4 Nxe5 16. fxe5 Bf5 17. Qc1 Kh7 18. g4 Be6 19. Rb1 Qd7 20. h3 Qxa4 21. f4 Qd7 22. Bd1 a4 23. f5 gxf5 24. gxf5 a3 25. fxe6 Qxe6 26. Bc2+ Kh8 27. Bf5 Qb6 28. Rxb6 1-0


[Site "https://www.chess.com"]

[Event "Titled Tuesday Blitz June 13 Early 2023"]
[White "Sanchez, Robert"]
[Black "Abduzhaparov"]
[WhiteFideId "2034360"]
[WhiteElo "1904"]
[BlackElo "2431"]
[Result "1/2-1/2"]
[Round "4"]
[TimeControl "180+2"]
[Date "2023.06.13"]
[WhiteClock "0:00:05"]
[BlackClock "0:00:04"]
[Board "188"]

1. e4 d6 2. d4 Nf6 3. Nc3 e5 4. Nf3 Nbd7 5. Bc4 Be7 6. O-O O-O 7. a4 c6 8. h3 b6 9. Re1 a6 10. Bb3 Bb7 11. Be3 b5 12. d5 cxd5 13. Bxd5 Nxd5 14. Nxd5 Nf6 15. axb5 Nxd5 16. exd5 axb5 17. Qd3 Qd7 18. b3 f5 19. Nh2 Bf6 20. Rxa8 Rxa8 21. c4 bxc4 22. bxc4 e4 23. Qc2 Qa4 24. Qb1 Ba6 25. Qb6 Be5 26. f4 exf3 27. Nxf3 Qxc4 28. Nxe5 dxe5 29. Qe6+ Kh8 30. Qxe5 Bb7 31. Bh6 Qc5+ 32. Kh2 Qf8 33. d6 Bc8 34. Rc1 Bd7 35. Rc7 Rd8 36. Bg5 Re8 37. Qc3 Qxd6+ 38. Kg1 h6 39. Bxh6 Qb6+ 40. Kh2 Qxh6 41. Rxd7 Qf4+ 42. Kg1 Qe3+ 43. Qxe3 Rxe3 44. Rf7 Re5 45. Kf2 Kg8 46. Ra7 Kh7 47. Kf3 Kg6 48. Ra6+ Kg5 49. g3 Rb5 50. h4+ Kh5 51. Ra7 Rb3+ 52. Kf4 Rb4+ 53. Kxf5 g6+ 54. Kf6 Rb6+ 55. Kg7 Kg4 56. Ra5 Kxg3 57. Rg5+ Kxh4 58. Rxg6 Rxg6+ 59. Kxg6 1/2-1/2


[Site "https://www.chess.com"]

[Event "Titled Tuesday Blitz June 13 Early 2023"]
[White "Matveeva, Olga"]
[Black "Castillo Pena, Patricia Evarista"]
[WhiteFideId "24107018"]
[BlackFideId "6412106"]
[WhiteElo "2009"]
[BlackElo "1859"]
[Result "0-1"]
[Round "4"]
[TimeControl "180+2"]
[Date "2023.06.13"]
[WhiteClock "0:00:22"]
[BlackClock "0:00:19"]
[Board "189"]

1. d4 d5 2. c4 c6 3. Nf3 Nf6 4. e3 e6 5. b3 Nbd7 6. Bb2 Bd6 7. Bd3 Qe7 8. Ne5 O-O 9. O-O c5 10. Nd2 cxd4 11. exd4 Ba3 12. Bxa3 Qxa3 13. cxd5 exd5 14. Re1 Qd6 15. Ndf3 h6 16. Rc1 Nb6 17. Bb1 Be6 18. Nh4 Rfc8 19. Qd3 Rxc1 20. Rxc1 Rc8 21. Rxc8+ Nxc8 22. h3 Ne7 23. Qc2 Nc6 24. Nhf3 Ne4 25. Nxc6 Qxc6 26. Qxc6 bxc6 27. Ne5 Nc3 28. Bc2 Ne2+ 29. Kf1 Nxd4 30. Bd3 c5 31. f4 f6 32. Ng6 Bf7 33. Nh4 c4 34. bxc4 dxc4 35. Be4 c3 36. Ke1 Kf8 37. Kd1 Ke7 38. Nf3 Nxf3 39. Bxf3 Kd6 40. Kc2 Bxa2 41. Kxc3 Bd5 42. Kd4 Bxf3 43. gxf3 a5 44. Kc4 a4 45. Kb4 Kd5 46. Kxa4 Kd4 47. Kb5 Ke3 48. Kc6 Kxf4 49. Kd6 Kxf3 50. Ke6 Kg3 51. Kf7 f5 52. Kxg7 f4 53. Kxh6 Kxh3 0-1


[Site "https://www.chess.com"]

[Event "Titled Tuesday Blitz June 13 Early 2023"]
[White "Bruedigam, Martin"]
[Black "Vargas, Mauricio"]
[WhiteFideId "24608033"]
[BlackFideId "4404572"]
[WhiteElo "2331"]
[BlackElo "1986"]
[Result "1-0"]
[Round "4"]
[TimeControl "180+2"]
[Date "2023.06.13"]
[WhiteClock "0:00:58"]
[BlackClock "0:00:00"]
[Board "190"]

1. d4 d5 2. c4 c6 3. Nf3 e6 4. e3 Nf6 5. Nbd2 Bd6 6. Bd3 Nbd7 7. O-O dxc4 8. Nxc4 Bc7 9. b4 O-O 10. Bb2 h6 11. Qc2 Nd5 12. a3 Re8 13. Rfd1 N7f6 14. Rac1 Bd7 15. Qe2 Rc8 16. Bb1 Bb8 17. Qd3 Qc7 18. h3 Ne7 19. e4 Ng6 20. e5 Nd5 21. Nd6 Nf8 22. Bc3 Re7 23. Nxc8 Qxc8 24. Bd2 Qe8 25. Re1 f6 26. exf6 Nxf6 27. Ne5 Bc8 28. Re3 Nd5 29. Rg3 Kh8 30. Re1 Nf4 31. Bxf4 Qh5 32. Re4 Bd7 33. Be3 Be8 34. Rf4 1-0


[Site "https://www.chess.com"]

[Event "Titled Tuesday Blitz June 13 Early 2023"]
[White "Putri, Regita Desyari"]
[Black "Gutkin, Ilya"]
[WhiteFideId "7109083"]
[BlackFideId "16203470"]
[WhiteElo "1930"]
[BlackElo "2248"]
[Result "1-0"]
[Round "4"]
[TimeControl "180+2"]
[Date "2023.06.13"]
[WhiteClock "0:00:04"]
[BlackClock "0:00:00"]
[Board "191"]

1. d4 d6 2. c4 Nf6 3. Nf3 g6 4. g3 Bg7 5. Bg2 O-O 6. O-O Nbd7 7. Nc3 Re8 8. e4 e5 9. Re1 c6 10. h3 Qc7 11. Be3 a5 12. b3 exd4 13. Nxd4 Nc5 14. Bf4 h6 15. h4 Nh5 16. Be3 Ne6 17. Nxe6 Bxe6 18. Qd2 Kh7 19. Rad1 Rad8 20. Na4 c5 21. Nc3 Nf6 22. Nb5 Qb8 23. Qxa5 Ng4 24. Bf4 Be5 25. Bxe5 dxe5 26. Nc7 Rxd1 27. Rxd1 Rd8 28. Rxd8 Qxd8 29. Qxc5 Qd1+ 30. Bf1 Bd7 31. Kg2 Nf6 32. Qe7 Bh3+ 33. Kh2 Ng4+ 34. Kxh3 Qxf1+ 35. Kxg4 Qe2+ 36. f3 h5+ 37. Kg5 Qe3+ 38. Kf6 Qxf3+ 39. Kxe5 Qxg3+ 40. Kd5 Qf3 41. Ne8 Kg8 42. Nd6 Qf4 43. Kc5 Qf2+ 44. Kb5 Kg7 45. Qe5+ Kg8 46. Ne8 Kf8 47. Nf6 Qf3 48. Nd5 Kg8 49. Qf6 Qf2 50. Qxf2 1-0


[Site "https://www.chess.com"]

[Event "Titled Tuesday Blitz June 13 Early 2023"]
[White "Melikhov, Evgeny V."]
[Black "Chemin, Justo Reinaldo"]
[WhiteFideId "4122046"]
[BlackFideId "2101580"]
[WhiteElo "2158"]
[BlackElo "1940"]
[Result "0-1"]
[Round "4"]
[TimeControl "180+2"]
[Date "2023.06.13"]
[WhiteClock "0:00:00"]
[BlackClock "0:00:18"]
[Board "192"]

1. d4 Nf6 2. c4 c5 3. d5 g6 4. Nc3 Bg7 5. e4 d6 6. f4 O-O 7. Nf3 e6 8. Bd3 exd5 9. cxd5 Re8 10. O-O Na6 11. Re1 Nc7 12. a4 b6 13. h3 a6 14. Bf1 Rb8 15. e5 dxe5 16. d6 Ne6 17. fxe5 Nd7 18. Nd5 Bb7 19. Ra3 Nxe5 20. Nxe5 Qxd6 21. Rd3 Nd4 22. Rxd4 cxd4 23. Qxd4 Bxe5 24. Rxe5 Rxe5 25. Bf4 Qxd5 26. Qxd5 Rxd5 27. Bxb8 Rd2 28. Be5 b5 29. axb5 axb5 30. Bc3 Rc2 31. Bxb5 Rxg2+ 32. Kf1 Rh2 33. Bd7 Kf8 34. Bf6 Rd2 35. Bg4 Rd6 36. Bc3 f5 37. Bb4 Ke7 38. Be2 Ke6 39. Bxd6 Kxd6 40. Kf2 Ke5 41. Kg3 g5 42. h4 f4+ 43. Kg4 gxh4 44. Kxh4 Ke4 45. Kh3 Ke3 46. Bh5 f3 0-1


[Site "https://www.chess.com"]

[Event "Titled Tuesday Blitz June 13 Early 2023"]
[White "Goswami, Vedant"]
[Black "Vianello, Enrico"]
[WhiteFideId "5003725"]
[BlackFideId "810738"]
[WhiteElo "2011"]
[BlackElo "2170"]
[Result "1-0"]
[Round "4"]
[TimeControl "180+2"]
[Date "2023.06.13"]
[WhiteClock "0:00:47"]
[BlackClock "0:00:00"]
[Board "193"]

1. b3 c5 2. c4 Nf6 3. Nc3 e6 4. e4 d6 5. Nf3 Nc6 6. Bb2 Be7 7. d4 cxd4 8. Nxd4 Nxd4 9. Qxd4 a6 10. Be2 O-O 11. Rd1 Qc7 12. O-O Rd8 13. f4 b6 14. f5 Bb7 15. g4 Qc5 16. g5 Nxe4 17. Nxe4 Bxe4 18. Qxc5 dxc5 19. f6 Bf8 20. Be5 h6 21. h4 hxg5 22. hxg5 gxf6 23. gxf6 Rac8 24. Kf2 Bg6 25. Rg1 Rxd1 26. Rxd1 Be4 27. Rg1+ Bg6 28. Bd3 Kh7 29. Rh1+ Kg8 30. Bxg6 fxg6 31. Rd1 b5 32. Rd7 bxc4 33. bxc4 Rc6 34. f7+ Kh7 35. Rd8 1-0


[Site "https://www.chess.com"]

[Event "Titled Tuesday Blitz June 13 Early 2023"]
[White "Nikulina, Alena"]
[Black "rikchessmx"]
[WhiteFideId "4172051"]
[WhiteElo "1608"]
[BlackElo "2305"]
[Result "0-1"]
[Round "4"]
[TimeControl "180+2"]
[Date "2023.06.13"]
[WhiteClock "0:00:00"]
[BlackClock "0:00:37"]
[Board "195"]

1. e4 e5 2. Nf3 Nc6 3. Bb5 a6 4. Ba4 b5 5. Bb3 Nf6 6. O-O Be7 7. Re1 O-O 8. d4 Nxd4 9. Nxe5 Nxb3 10. axb3 Bb7 11. Nc3 d6 12. Ng4 Nd7 13. Nd5 Re8 14. Qf3 Bf8 15. Qg3 Kh8 16. Bd2 f5 17. Nge3 fxe4 18. Bc3 c6 19. Nf4 Ne5 20. Rad1 Qf6 21. Nh5 Qh6 22. Nf4 Rad8 23. Nf5 Qf6 24. Nh4 g5 25. Nh5 gxh4 26. Nxf6 hxg3 27. Nxe8 gxf2+ 28. Kxf2 Rxe8 29. Bxe5+ Rxe5 30. h3 d5 31. c3 Bc5+ 32. Kg3 Rg5+ 33. Kh2 Bd6+ 34. Kh1 h5 35. Rf1 Kg7 36. Rf2 Bc8 37. Rdf1 Be6 38. Rf6 Rg6 39. R6f2 c5 40. c4 d4 41. cxb5 axb5 42. Re2 Bd5 43. Ref2 e3 44. Rf5 Bxg2+ 0-1


[Site "https://www.chess.com"]

[Event "Titled Tuesday Blitz June 13 Early 2023"]
[White "Floresvillar Gonzalez, Luis Migu"]
[Black "Zhukov, Maksim"]
[WhiteFideId "5100542"]
[BlackFideId "34181790"]
[WhiteElo "2040"]
[BlackElo "1925"]
[Result "0-1"]
[Round "4"]
[TimeControl "180+2"]
[Date "2023.06.13"]
[WhiteClock "0:00:39"]
[BlackClock "0:01:16"]
[Board "196"]

1. e4 e6 2. b3 d5 3. Bb2 Nf6 4. e5 Nfd7 5. f4 c5 6. Nf3 Nc6 7. d3 b5 8. a4 b4 9. Nbd2 a5 10. g3 Bb7 11. Bg2 h6 12. h4 Be7 13. Qe2 Rc8 14. O-O Nb6 15. c4 d4 16. Ne4 O-O 17. Rad1 Nd7 18. Qf2 f6 19. exf6 Nxf6 20. Nxf6+ Bxf6 21. Bh3 Re8 22. Rde1 Qd6 23. Qe2 Re7 24. Bg2 e5 25. fxe5 Nxe5 26. Nxe5 Bxg2 27. Qxg2 Bxe5 28. Rf3 Rf8 29. Ref1 Rxf3 30. Rxf3 Bf6 31. Bc1 Re1+ 32. Rf1 Qe6 33. Bf4 g5 34. hxg5 Bxg5 35. Rxe1 Qxe1+ 36. Qf1 Qxf1+ 37. Kxf1 Bxf4 38. gxf4 Kf7 39. Kg2 Kf6 40. Kg3 Kf5 41. Kf3 h5 42. Kg3 h4+ 43. Kxh4 Kxf4 44. Kh5 Ke3 45. Kg5 Kxd3 46. Kf5 Ke2 47. Ke5 d3 48. Kd5 d2 49. Kxc5 d1=Q 50. Kb5 Qxb3 51. Kxa5 Qxc4 52. Kb6 b3 53. a5 b2 0-1


[Site "https://www.chess.com"]

[Event "Titled Tuesday Blitz June 13 Early 2023"]
[White "Haukenfrers, Dale"]
[Black "Marchesich, Giovanni"]
[WhiteFideId "2603780"]
[BlackFideId "2824790"]
[WhiteElo "2023"]
[BlackElo "2213"]
[Result "0-1"]
[Round "4"]
[TimeControl "180+2"]
[Date "2023.06.13"]
[WhiteClock "0:00:11"]
[BlackClock "0:01:26"]
[Board "197"]

1. c3 g6 2. d3 Bg7 3. h4 d5 4. h5 e5 5. Nf3 Nc6 6. h6 Bf8 7. b4 Bd6 8. a3 f5 9. e4 Nge7 10. exd5 Nxd5 11. c4 Nf6 12. c5 Be7 13. Bb2 O-O 14. Qb3+ Kh8 15. Ng5 Qe8 16. Nd2 Ng4 17. Ngf3 Bf6 18. Be2 Be6 19. Qc2 Nd4 20. Nxd4 exd4 21. Bxg4 Bb3+ 22. Be2 Bxc2 23. Kf1 Bb3 24. Nxb3 Qe5 25. Bf3 Rad8 26. Nd2 Qf4 27. Nc4 Rfe8 28. Bxb7 Bh4 29. Bf3 Bg5 30. Bc1 Qxc1+ 31. Rxc1 Bxc1 32. Bc6 Re6 33. b5 g5 34. g3 g4 35. Rh5 Rf8 36. a4 Rxh6 37. Rxh6 Bxh6 38. a5 f4 39. b6 cxb6 40. Nxb6 axb6 41. cxb6 fxg3 42. a6 Rxf2+ 43. Kg1 Be3 44. a7 Ra2+ 45. Kf1 Bf4 46. a8=Q+ Rxa8 47. Bxa8 Kg7 48. Kg2 h5 49. Be4 Kh6 50. Bf5 Kg5 51. Bd7 h4 52. b7 h3+ 53. Kf1 Bc7 54. Bc6 Kf4 55. Be4 g2+ 56. Bxg2 hxg2+ 57. Kxg2 g3 58. Kg1 Ke3 59. Kg2 Bb8 60. Kf1 Kxd3 61. Kg2 Kc4 62. Kg1 Kb5 63. Kg2 Kb6 64. Kf3 Kxb7 65. Kg2 Kc6 66. Kf3 Kd5 67. Ke2 Kc4 68. Kd1 Kc3 69. Ke2 d3+ 70. Kf1 d2 71. Kg2 d1=Q 72. Kh3 Qh1+ 73. Kg4 g2 74. Kf5 g1=Q 75. Ke6 Qe3+ 76. Kd7 Qd5+ 77. Kc8 Qe8# 0-1


[Site "https://www.chess.com"]

[Event "Titled Tuesday Blitz June 13 Early 2023"]
[White "Stoyanov, Tsvetan"]
[Black "Tsukerman, Julia"]
[WhiteFideId "2917173"]
[BlackFideId "2621649"]
[WhiteElo "2349"]
[BlackElo "1667"]
[Result "1-0"]
[Round "4"]
[TimeControl "180+2"]
[Date "2023.06.13"]
[WhiteClock "0:00:05"]
[BlackClock "0:00:01"]
[Board "198"]

1. e4 c5 2. Nf3 d6 3. b4 cxb4 4. a3 bxa3 5. Nxa3 Nc6 6. Bc4 e6 7. O-O Nf6 8. Re1 Be7 9. d4 d5 10. exd5 Nxd5 11. Bd3 Ncb4 12. Bb5+ Bd7 13. Bxd7+ Qxd7 14. Ne5 Qc8 15. c4 Nf6 16. Qa4+ Nc6 17. d5 exd5 18. cxd5 Nxd5 19. Qb3 O-O 20. Qxd5 Nxe5 21. Bb2 Ng6 22. Nb5 Rd8 23. Qb3 a6 24. Rac1 Qf5 25. Nd4 Qd5 26. Qh3 Bf6 27. Rcd1 Qc5 28. Qg4 Rac8 29. Nb3 Qb5 30. Bxf6 gxf6 31. Nd4 Qb6 32. Nf5 Rxd1 33. Rxd1 Qe6 34. h4 Re8 35. h5 Kh8 36. hxg6 fxg6 37. Ne3 Qxg4 38. Nxg4 b5 39. Nxf6 Ra8 40. Rd7 1-0


[Site "https://www.chess.com"]

[Event "Titled Tuesday Blitz June 13 Early 2023"]
[White "Nikologorskiy, Konstantin"]
[Black "SicilianPanzer"]
[WhiteFideId "24111708"]
[WhiteElo "2273"]
[BlackElo "2252"]
[Result "1-0"]
[Round "4"]
[TimeControl "180+2"]
[Date "2023.06.13"]
[WhiteClock "0:00:28"]
[BlackClock "0:00:00"]
[Board "199"]

1. d4 Nf6 2. c4 e6 3. Nf3 d5 4. g3 dxc4 5. Qa4+ Nbd7 6. Bg2 a6 7. Qxc4 b5 8. Qc2 Bb7 9. O-O Rc8 10. a4 b4 11. Nbd2 c5 12. Qb3 Bd5 13. Qd1 Qb6 14. a5 Qa7 15. e4 Nxe4 16. Nxe4 Bxe4 17. Re1 Nf6 18. Bg5 Be7 19. Bxf6 Bxf6 20. Rxe4 O-O 21. Qd2 Rfd8 22. Rd1 cxd4 23. Qxb4 d3 24. Re3 Rc2 25. Qb6 Qxb6 26. axb6 d2 27. Bf1 Rxb2 28. Bxa6 Rxb6 29. Be2 Rbd6 30. Rb3 g5 31. Kg2 Kg7 32. h3 h5 33. g4 h4 34. Kf1 Kg6 35. Ra3 e5 36. Ra2 e4 37. Raxd2 exf3 38. Rxd6 fxe2+ 39. Kxe2 Ra8 40. Kf3 Ra3+ 41. R1d3 Ra2 42. Rc6 Kg7 43. Rd5 Ra3+ 44. Kg2 Ra2 45. Rf5 Be7 46. Rc7 Re2 47. Kf3 Re1 48. Rxe7 Rxe7 49. Rxg5+ Kf8 50. Rh5 Ra7 51. Rxh4 Ra3+ 52. Kg2 Kg7 53. Rh5 Kg6 54. Rf5 f6 55. h4 Ra4 56. f3 Ra2+ 57. Kg3 Ra1 58. h5+ Kg7 59. Rd5 Ra7 60. Kf4 1-0


[Site "https://www.chess.com"]

[Event "Titled Tuesday Blitz June 13 Early 2023"]
[White "Fudalej, Michal"]
[Black "Venkatesh, M.R."]
[WhiteFideId "1118781"]
[BlackFideId "5005779"]
[WhiteElo "2088"]
[BlackElo "2450"]
[Result "0-1"]
[Round "4"]
[TimeControl "180+2"]
[Date "2023.06.13"]
[WhiteClock "0:00:10"]
[BlackClock "0:00:19"]
[Board "200"]

1. Nf3 Nf6 2. g3 g6 3. Bg2 Bg7 4. c4 O-O 5. Nc3 c5 6. d4 cxd4 7. Nxd4 Nc6 8. c5 Ne8 9. Nxc6 bxc6 10. Bxc6 Rb8 11. Bg2 Qa5 12. O-O Qxc5 13. Rb1 Nc7 14. Be3 Qa5 15. Bd4 d6 16. Bxg7 Kxg7 17. Qd4+ f6 18. Rfd1 Ne6 19. Qe3 Re8 20. a3 Qc5 21. Qd2 Bb7 22. b4 Qh5 23. Nd5 Ng5 24. Rbc1 Nh3+ 25. Kf1 Rbc8 26. Rxc8 Rxc8 27. Nxe7 Bxg2+ 28. Kxg2 Re8 29. Qxd6 Qxe2 30. Kxh3 Rxe7 31. Rd4 Qf1+ 32. Kg4 h5+ 33. Kf3 Qh1+ 34. Kf4 g5+ 35. Kf5 Qf3+ 36. Rf4 Qd3+ 37. Qxd3 Re5# 0-1


[Site "https://www.chess.com"]

[Event "Titled Tuesday Blitz June 13 Early 2023"]
[White "Al Mukhaini, Shima"]
[Black "Palencia Morales, Wilson Guillermo"]
[WhiteFideId "22005854"]
[BlackFideId "4401859"]
[WhiteElo "2249"]
[BlackElo "2144"]
[Result "0-1"]
[Round "4"]
[TimeControl "180+2"]
[Date "2023.06.13"]
[WhiteClock "0:00:00"]
[BlackClock "0:01:30"]
[Board "201"]

1. b3 c5 2. Bb2 Nc6 3. e3 d5 4. f4 Nf6 5. Nf3 Bg4 6. Bb5 Rc8 7. h3 Bxf3 8. Qxf3 e6 9. Bxc6+ Rxc6 10. d3 Be7 11. Nd2 b5 12. a4 a6 13. axb5 axb5 14. O-O O-O 15. Ra7 Rc7 16. Rfa1 c4 17. bxc4 bxc4 18. Bd4 cxd3 19. cxd3 Rc2 20. R7a2 Rxa2 21. Rxa2 Qb8 22. Qd1 Rc8 23. Qb3 Qc7 0-1


[Site "https://www.chess.com"]